 Dungeon Crawl Stone Soup version 0.19.0-19-g8c6edcc (webtiles) character file.

5382 AAAAA the Thaumaturge (level 10, 0/69 HPs)
             Began as an Octopode Warper on Nov 13, 2016.
             Was an Elder of Sif Muna.
             Slain by a seven-headed hydra (3 damage)
             ... on level 9 of the Dungeon.
             The game lasted 00:48:10 (14658 turns).

AAAAA the Thaumaturge (Octopode Warper)            Turns: 14658, Time: 00:48:11

Health: 0/69       AC:  1    Str: 13    XL:     10   Next: 66%
Magic:  6/22       EV: 18    Int: 18    God:    Sif Muna [****..]
Gold:   130        SH:  4    Dex: 13    Spells: 4 memorised, 14 levels left

rFire  . . .     SeeInvis +     P - +10 hand axe of Duty {flame, rPois rN+ Str+5}
rCold  . . .     Gourm    .     (no shield)
rNeg   + . .     Faith    .     (helmet restricted)
rPois  +         Spirit   .     O - amulet of regeneration
rElec  .         Reflect  .     h - ring of see invisible
rCorr  .         Harm     .     j - ring of flight
MR     .....                    G - ring of poison resistance
Stlth  ++........               (no ring)
                                (no ring)
                                (no ring)
                                (no ring)
                                (no ring)

@: no status effects
A: almost no armour, stealthy swim, amphibious, 8 rings, constrict 8, tentacle
spike 1, large bone plates 1, camouflage 1, weak 1, gelatinous body 1
a: Divine Energy, Channel Magic, Forget Spell, Renounce Religion, Evoke Flight


You were on level 9 of the Dungeon.
You worshipped Sif Muna.
Sif Muna was greatly pleased with you.
You were not hungry.

You visited 3 branches of the dungeon, and saw 12 of its levels.
You also visited: Bailey.

You collected 580 gold pieces.
You spent 450 gold pieces at shops.

Inventory:

Hand Weapons
 a - a +0 falchion
 r - a +2 scimitar
 v - a +0 spear
 C - a +2 dagger of speed
 H - a +1 falchion of draining
 P - the +10 hand axe of Duty (weapon) {flame, rPois rN+ Str+5}
   (You took it off a gnoll on level 8 of the Dungeon)

   It has been specially enchanted to burn those struck by it, causing extra
   injury to most foes and up to half again as much damage against particularly
   susceptible opponents.
   Big, fiery blades are also staple armaments of hydra-hunters.
   It affects your strength (+5).
   It protects you from poison.
   It protects you from negative energy.
Missiles
 d - 4 tomahawks of dispersal
 e - 459 stones (quivered)
 p - 65 poisoned needles
 K - 5 tomahawks
 L - 2 throwing nets
 R - 4 curare-tipped needles
Armour
 N - a +0 shield
Jewellery
 h - a ring of see invisible (left tentacle)
 j - a ring of flight (right tentacle)
 n - an uncursed amulet of harm
 G - a ring of poison resistance (on tentacle)
 O - an amulet of regeneration (around mantle)
Wands
 m - a wand of random effects (9/48)
 x - a wand of slowing (4/48)
 I - a wand of flame (0/48)
 M - a wand of teleportation (3/9)
 Q - a wand of iceblast (7/15)
 U - a wand of lightning (3/15)
 W - a wand of random effects (37/48)
Scrolls
 c - 7 scrolls of blinking
 g - 5 scrolls of teleportation
 i - a scroll of magic mapping
 l - a scroll of enchant armour {unknown}
 o - 2 scrolls of enchant weapon
 s - 5 scrolls of fog {unknown}
 t - 4 scrolls of amnesia
 y - 2 scrolls of fear
 z - a scroll of immolation {unknown}
 J - 2 scrolls of random uselessness {unknown}
 S - 4 scrolls of remove curse
Potions
 k - a potion of resistance
 u - a potion of curing
 w - a potion of invisibility
 B - a potion of heal wounds
 D - a potion of degeneration {unknown}
 E - a potion of might {unknown}
 F - 2 potions of mutation {unknown}
 T - a potion of lignification
 X - a potion of haste {unknown}
Books
 b - a book of Spatial Translocations

   Spells                             Type                      Level
   a - Blink                          Translocation                2
   b - Shroud of Golubria             Charms/Translocation         2
   c - Lesser Beckoning               Translocation                3
   d - Portal Projectile              Translocation                3
   e - Teleport Other                 Translocation                3
   f - Passage of Golubria            Translocation                4
Comestibles
 f - 9 bread rations
 q - 5 beef jerkies
 A - 4 meat rations
 V - a chunk of flesh


   Skills:
 - Level 6.6 Fighting
 - Level 4.4 Long Blades
 - Level 1.0 Throwing
 + Level 8.7 Dodging
 + Level 8.9 Spellcasting
 - Level 6.0 Translocations


You had 14 spell levels left.
You knew the following spells:

 Your Spells              Type           Power        Failure   Level  Hunger
a - Blink                 Tloc           N/A          1%          2    None
b - Teleport Other        Tloc           ####....     2%          3    None
c - Portal Projectile     Tloc           ####..       2%          3    None
d - Passage of Golubria   Tloc           N/A          10%         4    ###....


Dungeon Overview and Level Annotations

Branches:
Dungeon (10/15)            Temple (1/1) D:4            Lair (1/6) D:8
    Orc: D:9-12

Altars:
Cheibriados
Elyvilon
Fedhas
Gozag
Hepliaklqana
Kikubaaqudgha
Makhleb
Nemelex Xobeh
Qazlal
Sif Muna
Uskayaw
Vehumet
Xom
Yredelemnul
The Shining One

Shops:
D:10 (}=

Annotations:
D:10 Bluestream's ghost, journeyman MiFi; Harold; Snorg


Innate Abilities, Weirdness & Mutations

You cannot wear most types of armour.
You are very stealthy in the water. (Stealth+)
You are amphibious.
You can wear up to eight rings at the same time.
You can use your tentacles to constrict eight enemies at once.
Your skin changes colour to match your surroundings (Stealth+).
Your rubbery body absorbs attacks. (AC +1, EV +1)
One of your tentacles bears a spike.
You are partially covered in large bone plates. (SH +4)
You are weak. (Str -2)


Message History

You blink.
Casting: Blink
Confirm with . or Enter, or press ? or * to list all spells.
Aiming: Teleport Other
Press: ? - help, Shift-Dir - straight line, f/p - seven-headed hydra
Aim: a seven-headed hydra (chance to defeat MR: 34%)
The seven-headed hydra easily resists.
Casting: Teleport Other
Confirm with . or Enter, or press ? or * to list all spells.
You blink.
The bullfrog hits you.
* * * LOW HITPOINT WARNING * * *
The seven-headed hydra closely misses you.
You block the seven-headed hydra's attack.
The seven-headed hydra bites you!
* * * LOW HITPOINT WARNING * * *
The seven-headed hydra misses you. The seven-headed hydra bites you.
* * * LOW HITPOINT WARNING * * *
The seven-headed hydra completely misses you.
The seven-headed hydra bites you.
You die...

#...................# #....
#.............#############....
#.............# #..)>...'....
#.............# #.......#....
#.............# #.......#....
#.............# #.......#....
#............ยง##############+##
##########'#..F................
#.........#..@D...............
#.........#...................
#.........#...................
#....##...#................(F.
#######...#..............(....
#####.............(.....
######..............
#...).......... #####(#########


You could see a seven-headed hydra and a bullfrog.

Vanquished Creatures
  A two-headed ogre (D:9)
  3 hippogriffs
  A wyvern (D:8)
  A hungry ghost (D:7)
  Menkaure (D:8)
  An ice beast (D:9)
  2 orc warriors
  5 sky beasts
  2 phantoms
  A necrophage (D:6)
  2 ogres (D:7)
  2 wolves (D:8)
  6 centaurs
  A wyvern zombie (D:7)
  4 bullfrogs
  A water moccasin zombie (D:5)
  A gnoll sergeant (D:8)
  3 scorpions
  5 killer bees (D:8)
  2 wights
  A howler monkey (D:9)
  5 crimson imps
  2 quasits
  A centaur zombie (D:10)
  3 hounds
  6 orc priests
  6 iguanas
  4 orc wizards
  7 worker ants
  3 killer bee zombies
  2 human simulacra (D:9)
  A hound zombie (D:5)
  3 hound skeletons
  2 worker ant zombies
  10 gnolls
  9 adders
  3 shadow imps
  3 oozes
  4 adder skeletons
  An adder zombie (D:5)
  6 worms
  A dart slug (D:2)
  9 leopard geckos
  33 orcs
  2 ball pythons
  7 giant cockroaches
  9 goblins
  3 hobgoblins (D:1)
  11 jackals
  7 kobolds
  6 quokkas
  4 bats
  6 frilled lizards
  A jackal skeleton (D:4)
  A quokka skeleton (D:5)
  11 rats
238 creatures vanquished.

Vanquished Creatures (others)
  An orc warrior (D:6)
  A wight (D:6)
  2 hounds (D:5)
  An orc wizard (D:6)
  A worker ant (D:5)
  An ooze (D:6)
  An adder skeleton (D:6)
  An orc (D:6)
  2 jackals (D:6)
  3 quokkas
14 creatures vanquished.

Grand Total: 252 creatures vanquished

Notes
Turn   | Place    | Note
-------+----------+-------------------------------------------
     0 | D:1      | AAAAA the Octopode Warper began the quest for the Orb.
     0 | D:1      | Reached XP level 1. HP: 14/14 MP: 3/3
   186 | D:2      | Reached XP level 2. HP: 4/20 MP: 5/5
   194 | D:2      | Learned a level 2 spell: Blink
   666 | D:3      | Found a deep blue altar of Sif Muna.
   721 | D:3      | Became a worshipper of Sif Muna the Loreminder
   761 | D:3      | Reached XP level 3. HP: 20/26 MP: 6/6
   801 | D:3      | Learned a level 3 spell: Teleport Other
  1668 | D:1      | Reached XP level 4. HP: 19/31 MP: 6/8
  2425 | D:3      | Reached XP level 5. HP: 26/36 MP: 9/9
  2540 | D:3      | Found a basalt altar of Yredelemnul.
  2597 | D:3      | Found a faded altar of an unknown god.
  2661 | D:3      | Reached * piety under Sif Muna
  3400 | D:5      | Entered Level 5 of the Dungeon
  3454 | D:4      | You fall through a shaft for 3 floors!
  3725 | D:7      | Noticed a sky beast
  3927 | D:7      | Noticed an orc warrior
  4093 | D:7      | Reached XP level 6. HP: 41/42 MP: 11/11
  4125 | D:7      | Found a white marble altar of Elyvilon.
  4420 | D:6      | Reached skill level 5 in Translocations
  4931 | D:4      | Found a blossoming altar of Fedhas.
  4960 | D:4      | Found a staircase to the Ecumenical Temple.
  4988 | Temple   | Entered the Ecumenical Temple
  5123 | D:5      | Reached XP level 7. HP: 36/46 MP: 13/13
  5158 | D:5      | Found a snail-covered altar of Cheibriados.
  5190 | D:5      | Learned a level 4 spell: Passage of Golubria
  5196 | D:5      | Learned a level 3 spell: Portal Projectile
  5221 | D:5      | Reached ** piety under Sif Muna
  5518 | D:5      | Reached skill level 5 in Spellcasting
  5575 | D:5      | Found a shimmering altar of Xom.
  6083 | D:5      | Reached XP level 8. HP: 23/54 MP: 15/15
  6284 | D:5      | Reached skill level 5 in Fighting
  7203 | D:6      | HP: 1/57 [orc warrior/battleaxe (21)]
  8197 | D:7      | Gained mutation: You are weak. (Str -2) [mutagenic meat]
  8198 | D:7      | Gained mutation: Your spells are a little harder to cast, but a little more powerful. [mutagenic meat]
  8199 | D:7      | Gained mutation: You are partially covered in large bone plates. (SH +4) [mutagenic meat]
  8200 | D:7      | Lost mutation: Your spells are a little harder to cast, but a little more powerful. [mutagenic meat]
  8202 | D:7      | Gained mutation: One of your tentacles bears a spike. [mutagenic meat]
  8970 | D:7      | Reached XP level 9. HP: 28/62 MP: 15/17
  9658 | D:7      | Reached skill level 5 in Dodging
 10287 | D:8      | Reached *** piety under Sif Muna
 10428 | D:8      | Found a burning altar of Makhleb.
 10428 | D:8      | Found a radiant altar of Vehumet.
 10447 | D:8      | Found a staircase to the Lair.
 10806 | Lair:1   | Entered Level 1 of the Lair of Beasts
 11589 | D:8      | Reached XP level 10. HP: 60/68 MP: 21/21
 11683 | D:8      | Got a steaming hand axe {flame}
 11836 | D:8      | Identified the +10 hand axe of Duty {flame, rPois rN+ Str+5} (You took it off a gnoll on level 8 of the Dungeon)
 12168 | D:8      | Found an opulent altar of Gozag.
 12184 | D:8      | Noticed Menkaure
 12227 | D:8      | Killed Menkaure
 12698 | D:10     | Entered Level 10 of the Dungeon
 12819 | D:10     | Found Relidam's Antique Weapon Boutique.
 12885 | D:10     | Noticed Bluestream's ghost (journeyman MiFi)
 13246 | D:10     | Noticed Snorg
 13279 | D:10     | Noticed a hill giant
 13282 | D:10     | Noticed Harold
 13299 | D:10     | Found a flagged portal.
 13305 | Bailey   | Entered a bailey
 13399 | Bailey   | Noticed Millan's ghost (novice MiBe)
 13708 | Bailey   | Noticed an orc knight
 13736 | Bailey   | HP: 2/68 [Millan's ghost (25)]
 13785 | D:10     | Found Aquozet's Jewellery Shoppe.
 13785 | D:10     | Found Ohameoce's Gadget Shoppe.
 13793 | D:10     | Bought an uncursed amulet of regeneration for 450 gold pieces
 14216 | D:9      | Reached **** piety under Sif Muna
 14253 | D:9      | Noticed a seven-headed hydra
 14658 | D:9      | HP: 3/69 [seven-headed hydra (6)]
 14658 | D:9      | Slain by a seven-headed hydra

Skill      XL: |  1  2  3  4  5  6  7  8  9 10 |
---------------+-------------------------------+-----
Fighting       | 3 4 6 |  6.6
Spellcasting   | 3 4 5 7 8 |  8.9
Translocations | 4 5 6 |  6.0
Long Blades    | 4 |  4.4
Dodging        | 3 6 8 |  8.7
Throwing       | |  1.0

Action                   |  1- 3 |  4- 6 |  7- 9 | 10-12 || total
-------------------------+-------+-------+-------+-------++-------
Melee: Falchion          |    82 |   135 |    58 |    19 ||   294
       Constrict         |    28 |    55 |    62 |    28 ||   173
       Tentacles         |    11 |    35 |    63 |    22 ||   131
       Dagger            |       |    62 |   106 |       ||   168
       Scimitar          |       |       |   229 |       ||   229
       Kick              |       |       |    57 |    40 ||    97
       Hand axe          |       |       |       |   127 ||   127
Throw: Tomahawk          |       |     7 |     8 |       ||    15
       Stone             |       |       |    10 |     2 ||    12
 Cast: Blink             |       |     3 |    20 |    12 ||    35
       Teleport Other    |       |     3 |     5 |    30 ||    38
       Portal Projectile |       |       |     3 |       ||     3
       Passage of Golubr |       |       |     4 |       ||     4
Evoke: Wand              |       |     1 |     1 |     8 ||    10
  Use: Scroll            |     3 |     5 |     4 |     9 ||    21
       Potion            |       |     1 |     3 |     1 ||     5
 Stab: Sleeping          |     6 |     2 |     2 |     4 ||    14
       Distracted        |     1 |     2 |     1 |       ||     4
       Invisible         |       |       |     2 |       ||     2
       Betrayed ally     |       |       |       |     1 ||     1
  Eat: Chunk             |     2 |    11 |    21 |    10 ||    44
       Beef jerky        |       |       |     6 |       ||     6
       Bread ration      |       |       |     2 |       ||     2
Armor: Skin              |     3 |    11 |    77 |     6 ||    97
Dodge: Dodged            |    51 |   103 |   258 |   143 ||   555
Block: Other             |       |       |    37 |    25 ||    62
       Rpst.: Falchion   |    16 |    22 |    12 |     5 ||    55
       Scimitar          |       |       |    47 |       ||    47
